Map: Newkirk Precinct TE (Void)

Players

HeRoMaRinE - Winner!

  • Race: Terran Terran
  • Spawn Location: 5:00

herO

  • Race: Protoss Protoss
  • Spawn Location: 7:00

Event: IEM XI Katowice - World Championship 2017

VOD

Have the link to the VOD?

Description

Time

  • Played on: March 2, 2017, 8:52 a.m.
  • Length: 10:21

All games in this series

Show
View Real Time Build Order
Export as new Build Order

HeRoMaRinE Terran - Winner!

Build Orders: Reaper Expand, MMM Bio 

Get SALT Encoding   

  12  0:00  SCV  
  13  0:12  SCV  
  14  0:19  Supply Depot  
  14  0:24  SCV  
  15  0:31  Refinery  
  15  0:40  SCV  
  16  0:45  Barracks  
  16  0:52  SCV  
  17  1:04  SCV  
  18  1:16  SCV  
  19  1:31  Orbital Command  
  19  1:32  Reaper  
  20  1:45  Command Center  
  20  1:56  Factory  
  20  2:00  SCV  
  21  2:07  Barracks Reactor  
  21  2:12  SCV  
  22  2:16  Refinery  
  22  2:19  Supply Depot  
  22  2:25  SCV  
  23  2:41  SCV  
  23  2:42  Starport  
  24  2:44  Marine x2  
  24  2:48  Widow Mine  
  28  2:53  SCV  
  29  3:00  Orbital Command  
  29  3:04  Marine  
  29  3:05  SCV  
  31  3:07  Marine  
  32  3:17  SCV  
  32  3:18  Widow Mine  
  32  3:19  Medivac  
  37  3:26  SCV  
  38  3:29  Marine x2, SCV  
  38  3:34  Supply Depot  
  40  3:38  SCV  
  41  3:41  SCV  
  41  3:43  Barracks  
  42  3:50  Factory Tech Lab, SCV  
  42  3:53  Marine x2, SCV  
  46  4:01  Supply Depot  
  46  4:02  SCV  
  47  4:05  SCV  
  47  4:08  Siege Tank  
  51  4:12  Supply Depot  
  51  4:13  Marine x2  
  51  4:15  SCV  
  54  4:23  SCV  
  55  4:27  SCV  
  55  4:31  Marine x2  
  55  4:32  Barracks Tech Lab, Engineering Bay  
  55  4:35  SCV  
  53  4:39  SCV, Barracks  
  53  4:43  Siege Tank  
  57  4:47  SCV  
  57  4:50  Marine x2  
  57  4:51  Marine, Stimpack, SCV  
  62  4:59  Supply Depot  
  62  5:00  SCV  
  62  5:02  Terran Infantry Weapons Level 1  
  62  5:03  SCV  
  62  5:06  Starport Reactor  
  64  5:10  Marine, Refinery  
  64  5:11  Refinery  
  64  5:13  SCV  
  66  5:16  SCV  
  66  5:17  Marine  
  66  5:18  Marine  
  69  5:24  Factory Reactor  
  69  5:25  SCV  
  69  5:28  SCV  
  70  5:36  Marauder  
  70  5:38  Supply Depot, Marine  
  70  5:39  Marine, Marauder  
  76  5:44  Medivac  
  76  5:45  Supply Depot  
  77  5:52  Supply Depot  
  77  5:55  Missile Turret, Combat Shields  
  77  5:58  Marine  
  77  5:59  Marine, Medivac  
  77  6:00  Marauder  
  77  6:02  Widow Mine  
  85  6:06  Widow Mine  
  85  6:07  Marauder  
  89  6:16  Marine  
  89  6:17  Marine  
  91  6:21  Supply Depot  
  91  6:24  Marauder  
  92  6:29  Marauder  
  92  6:31  Medivac x2  
  98  6:34  Marine  
  98  6:35  Marine  
  98  6:39  Widow Mine  
  102  6:42  Supply Depot, Widow Mine  
  102  6:43  Supply Depot  
  104  6:52  Marauder x2  
  108  6:54  Supply Depot  
  108  6:57  Terran Infantry Armor Level 1  
  108  7:00  Marine x2  
  109  7:08  Medivac x2  
  109  7:13  Marauder  
  109  7:14  Marauder  
  117  7:18  Marine  
  110  7:25  Marine  
  98  7:30  Widow Mine x2  
  98  7:35  Marauder  
  98  7:36  Marauder  
  106  7:39  Command Center  
  106  7:44  Marine x2  
  106  7:45  Viking  
  106  7:47  Supply Depot  
  110  7:56  Marauder  
  110  7:57  Marine  
  113  8:01  Widow Mine x2  
  113  8:02  Marine  
  118  8:10  Marine  
  119  8:13  Concussive Shells  
  119  8:15  Marauder  
  119  8:16  Armory  
  119  8:18  Marauder, Engineering Bay  
  119  8:19  Marine, Medivac  
  125  8:23  Medivac  
  128  8:28  Marine  
  129  8:37  Marine, Marauder  
  129  8:38  Marine  
  123  8:46  Marine  
  121  8:55  Marine  
  122  8:57  Marauder  
  122  8:58  Marauder  
  122  9:00  Liberator, Orbital Command, Barracks  
  121  9:03  Marine, Barracks  
  122  9:11  SCV x2  
  122  9:13  Marine  
  125  9:18  Marauder  
  130  9:28  Marine, Marauder  
  130  9:31  Marine  
  125  9:41  Marauder  
  126  9:50  Marauder  
  118  9:53  Marine x2  
  107  10:00  SCV  
  110  10:09  Barracks Tech Lab  
Show
View Real Time Build Order
Export as new Build Order

herO Protoss 

Build Orders: 1 Gate Expand, Blink Stalkers, Colossus Rush 

Get SALT Encoding   

  12  0:00  Probe (Chrono Boost)  
  13  0:11  Probe (Chrono Boost)  
  14  0:17  Pylon  
  14  0:22  Probe (Chrono Boost)  
  15  0:36  Gateway, Probe (Chrono Boost)  
  15  0:41  Assimilator  
  16  0:46  Probe (Chrono Boost)  
  18  0:57  Probe (Chrono Boost)  
  18  1:07  Probe (Chrono Boost)  
  19  1:18  Nexus  
  19  1:28  Cybernetics Core  
  19  1:31  Probe (Chrono Boost)  
  20  1:37  Assimilator  
  20  1:42  Probe (Chrono Boost)  
  20  1:46  Pylon  
  21  1:52  Probe (Chrono Boost)  
  22  2:05  Mothership Core (Chrono Boost)  
  22  2:06  Stalker  
  26  2:14  Warp Gate  
  26  2:23  Probe (Chrono Boost)  
  27  2:30  Probe (Chrono Boost)  
  27  2:34  Probe (Chrono Boost)  
  27  2:36  Robotics Facility  
  29  2:41  Probe (Chrono Boost)  
  30  2:44  Probe (Chrono Boost)  
  30  2:45  Stalker  
  33  2:52  Probe (Chrono Boost)  
  33  2:55  Probe (Chrono Boost)  
  35  3:02  Probe (Chrono Boost)  
  37  3:05  Probe (Chrono Boost)  
  37  3:09  Twilight Council  
  37  3:12  Gateway  
  37  3:15  Probe (Chrono Boost)  
  37  3:17  Probe (Chrono Boost)  
  39  3:22  Pylon  
  39  3:23  Observer  
  40  3:28  Probe x2 (Chrono Boost)  
  40  3:32  Stalker  
  44  3:37  Assimilator  
  44  3:38  Probe (Chrono Boost)  
  44  3:39  Probe (Chrono Boost)  
  46  3:43  Assimilator  
  46  3:47  Pylon  
  46  3:48  Blink  
  46  3:50  Probe x2 (Chrono Boost)  
  48  4:02  Probe x2 (Chrono Boost)  
  50  4:05  Observer  
  50  4:06  Pylon  
  51  4:13  Probe (Chrono Boost)  
  51  4:14  Probe (Chrono Boost)  
  53  4:23  Probe (Chrono Boost)  
  54  4:26  Probe (Chrono Boost)  
  53  4:32  Robotics Bay  
  53  4:34  Probe (Chrono Boost)  
  53  4:38  Probe (Chrono Boost)  
  54  4:40  Pylon  
  54  4:43  Forge  
  54  4:47  Stalker  
  54  4:48  Stalker, Warp Prism  
  60  5:03  Gateway  
  60  5:12  Stalker x2  
  64  5:15  Pylon, Protoss Ground Weapons Level 1  
  64  5:17  Colossus  
  64  5:22  Extended Thermal Lance  
  70  5:37  Gateway  
  69  5:46  Gateway  
  69  5:47  Gateway  
  69  5:56  Sentry x2  
  73  6:04  Colossus  
  73  6:09  Pylon  
  73  6:16  Nexus  
  79  6:19  Sentry  
  79  6:21  Zealot  
  79  6:25  Adept  
  85  6:47  Stalker  
  85  6:48  Stalker x3  
  85  6:51  Pylon  
  85  6:53  Pylon  
  93  6:55  Pylon  
  93  7:09  Disruptor  
  93  7:10  Adept x2  
  93  7:11  Adept x4  
  106  7:19  Protoss Ground Armor Level 1  
  82  7:36  Probe (Chrono Boost)  
  85  7:37  Probe x2 (Chrono Boost)  
  85  7:41  Stalker x4  
  85  7:42  Stalker  
  95  7:47  Probe (Chrono Boost)  
  95  7:49  Probe (Chrono Boost)  
  95  7:50  Disruptor  
  98  7:51  Probe (Chrono Boost)  
  101  8:00  Probe (Chrono Boost)  
  101  8:01  Probe (Chrono Boost)  
  101  8:04  Probe (Chrono Boost)  
  102  8:13  Stalker  
  102  8:14  Stalker x2  
  102  8:16  Adept x2  
  102  8:18  Adept  
  114  8:25  Probe (Chrono Boost)  
  114  8:26  Probe x2 (Chrono Boost)  
  117  8:30  Pylon  
  113  8:42  Adept x3  
  113  8:47  Stalker  
  96  8:58  Pylon  
  96  9:03  Assimilator  
  96  9:06  Stalker x3  
  96  9:07  Stalker  
  104  9:11  Pylon  
  104  9:15  Observer  
  96  9:22  Stalker x2  
  98  9:38  Stalker x4  
  59  10:03  Stalker x4  
  59  10:05  Stalker  

Tags
 
Add a new tag
Caveats
  • Supply blocks, unpowered buildings, or Contaminate may cause inaccurate times.
  • Supply counts are checked every 10 seconds.